 Dungeon Crawl Stone Soup version 0.17.1-1-g73c8601 (webtiles) character file.

97482 Glider the Bewitcher (level 15, -14/108 HPs)
             Began as a Vampire Enchanter on Dec 12, 2015.
             Was the Champion of Dithmenos.
             Hit by a large rock thrown by a stone giant (51 damage)
             ... on level 4 of the Orcish Mines.
             The game lasted 03:11:51 (27785 turns).

Glider the Bewitcher (Vampire Enchanter)           Turns: 27785, Time: 03:11:51

Health: -14/108    AC:  9    Str: 15    XL:     15   Next: 72%
Magic:  31/33      EV: 18    Int: 28    God:    Dithmenos [******]
Gold:   1339       SH:  0    Dex: 17    Spells: 5 memorised, 14 levels left

rFire  . . .     SeeInvis +     R - +3 rapier of Hospitality {vamp, rElec MR+}
rCold  + . .     Clarity  .     X - +0 steam dragon armour
rNeg   + + +     SustAt   .     (no shield)
rPois  +         Gourm    .     i - +0 helmet
rElec  +         Spirit   .     Z - +0 cloak
rCorr  .         Warding  .     (no gloves)
rMut   +         Stasis   .     E - +0 pair of boots
MR     ++...                    c - amulet "Akeovetz" {rMut +Blink Str+8 SInv}
Stlth  ++++++++++               Q - ring "Laum" {+Blink rN+ Int+6}
                                w - ring of magical power

@: regenerating slowly, wreathed by umbra, very resistant to hostile
enchantments, uncannily stealthy
A: fangs 3, see invisible, unbreathing
a: Bat Form, Shadow Step, Shadow Form, Renounce Religion, Evoke Blink


You were on level 4 of the Orcish Mines.
You worshipped Dithmenos.
Dithmenos was exalted by your worship.
You were thirsty.

You visited 4 branches of the dungeon, and saw 25 of its levels.
You also visited: Labyrinth.

You collected 2743 gold pieces.
You spent 1404 gold pieces at shops.

Inventory:

Hand Weapons
 a - the +7 great sword of Ashenzari's Generosity {slice, *Rage rPois rC- Int+4}
   (You bought it in a shop on level 4 of the Orcish Mines)

   It inflicts extra damage upon your enemies.
   It affects your intelligence (+4).
   It makes you vulnerable to cold.
   It protects you from poison.
   It may make you go berserk in combat.
 R - the +3 rapier of Hospitality (weapon) {vamp, rElec MR+}
   (You found it in a labyrinth)

   It inflicts no extra harm, but heals its wielder somewhat when it strikes a
   living foe.
   It insulates you from electricity.
   It affects your resistance to hostile enchantments.
Armour
 i - a +0 helmet (worn)
 E - a +0 pair of boots (worn)
 T - a +2 shield of protection
 X - a +0 steam dragon armour (worn)
 Z - a +0 cloak (worn)
Jewellery
 c - the amulet "Akeovetz" (around neck) {rMut +Blink Str+8 SInv}
   (You bought it in a shop on level 4 of the Orcish Mines)

   [amulet of resist mutation]

   It protects you from mutation.
   It affects your strength (+8).
   It lets you see invisible.
   It lets you blink.
 w - a ring of magical power (left hand)
 K - an uncursed ring of teleportation
 Q - the ring "Laum" (right hand) {+Blink rN+ Int+6}
   (You found it in a labyrinth)

   [ring of positive energy]

   It affects your intelligence (+6).
   It protects you from negative energy.
   It lets you blink.
 V - an uncursed amulet of guardian spirit
Wands
 u - a wand of lightning (3)
 x - a wand of teleportation (3)
Scrolls
 f - 3 scrolls of fear
 h - 3 scrolls of recharging
 n - 2 scrolls of magic mapping
 s - 4 scrolls of teleportation
 B - 12 scrolls of remove curse
 F - 4 scrolls of blinking
 W - 2 scrolls of identify
Potions
 b - 2 potions of invisibility
 d - 20 potions of blood
 g - 2 potions of haste
 j - 6 potions of heal wounds
 k - 5 potions of agility
 l - 8 potions of curing
 p - 3 potions of might
 q - 2 potions of flight
 A - 3 potions of cancellation
 C - 3 potions of brilliance
 I - a potion of magic
 J - a potion of resistance


   Skills:
 - Level 7.1 Fighting
 * Level 14.2 Short Blades
 - Level 0.4(8.7) Long Blades
 - Level 5.0 Armour
 - Level 8.1 Dodging
 - Level 12.0 Stealth
 - Level 7.0 Shields
 - Level 6.0 Spellcasting
 - Level 19.0 Hexes
 * Level 2.9 Charms
 - Level 5.0 Ice Magic
 - Level 3.0 Invocations
 - Level 4.0 Evocations


You had 14 spell levels left.
You knew the following spells:

 Your Spells              Type           Power        Failure   Level  Hunger
a - Corona                Hex            #######      0%          1    None
b - Ensorcelled Hibernat  Hex/Ice        ######       1%          2    None
c - Confuse               Hex            #######.     0%          3    None
d - Tukima's Dance        Hex            #######.     0%          3    None
e - Ozocubu's Armour      Chrm/Ice       ####....     4%          3    None


Dungeon Overview and Level Annotations

Branches:
Dungeon (12/15)            Temple (1/1) D:5            Lair (8/8) D:8
 Shoals (0/4) Lair:6        Snake (0/4) Lair:5        Slime (0/6) Lair:6
    Orc (4/4) D:10            Elf (0/3) Orc:3

Altars:
Ashenzari
Cheibriados
Dithmenos
Elyvilon
Fedhas
Gozag
Kikubaaqudgha
Makhleb
Nemelex Xobeh
Okawaru
Qazlal
Ru
Sif Muna
Trog
Vehumet
Xom
Yredelemnul
Zin
The Shining One
Beogh
Jiyva

Shops:
D:7 ?   D:10 (}   Orc:1 %   Orc:4 (=**

Annotations:
D:12 Frances, Rupert


Innate Abilities, Weirdness & Mutations

You heal slowly.
You have razor-sharp teeth.
You have supernaturally acute eyesight.
You can survive without breathing.


Message History

Things that are here:
a club; an orc corpse An orc and an orc warrior come into view.
An orc comes into view. It is wielding a dagger.
The orc shouts!
Casting: Ensorcelled Hibernation
Confirm with . or Enter, or press ? or * to list all spells.
Aiming: Confuse
Press: ? - help, Shift-Dir - straight line, f - stone giant
Aim: a stone giant (hasn't noticed you, umbra, chance to defeat MR: 36%)
The stone giant shouts!
The stone giant easily resists.
The orc warrior shouts!
The orc shouts!
The orc shouts!
The stone giant throws a large rock.
The large rock hits you!!!
You emit a cloud of dark smoke.
The stone giant throws a large rock.
The large rock hits you!
You see here a large rock.
The orc hits you with a hand axe.
The stone giant throws a large rock.
The large rock hits you!!!
You die...

.......#.......).)......oo...
..^#...........).......C....
#<##..............§..§§..#
...##......#...).§.§§§...#...
..##...............Co§§..........
.........#..........§§§..........
.................o.§§§...........
.................................
.......[........@............ ...
.######..#######.###.###.#######.
.#∩...#.[#.._..#.# #.# #.#..))∩#.
.#....#)[#.....#.###.###.#..).)#.
.#..).#..#.....#...... ..#.[.))#.
.#..)[#..###'###.# #.# #.#...).#.
.###'##(.().)....# #.# #.###)###.
....))).[.8..†8..# #.# #...).....
.###'##((......).###.###).##'###.


You could see a stone giant, an orc warrior and an orc.

Vanquished Creatures
  Kirke (Lair:8)
  Snorg (Orc:2)
  A minotaur (Lab)
  A fire dragon (Lair:8)
  5 hydras
  A catoblepas (Lair:6)
  3 death yaks
  2 orc high priests
  Urug (Lair:3)
  5 hill giants
  6 orc knights
  A griffon (Lair:5)
  An orc sorcerer (Orc:2)
  Joseph (D:7)
  26 elephants
  9 black mambas
  A gargoyle (D:11)
  14 spiny frogs
  8 komodo dragons
  7 fire drakes
  4 trolls
  A queen bee (shapeshifter) (D:11)
  A polar bear (Lair:8)
  2 two-headed ogres (D:11)
  Prince Ribbit (D:7)
  40 yaks
  16 blink frogs
  A spriggan (D:7)
  Sigmund (D:3)
  The ghost of Glider the Summoner, an amateur TeSu of Ashenzari (D:6)
  A hog (Lair:8)
  2 fire bats (Orc:3)
  A hungry ghost (D:10)
  A mottled dragon (Lair:8)
  10 hippogriffs
  The ghost of Gargoyl the Skirmisher, an amateur DsAK of Lugonu (D:3)
  5 basilisks
  Menkaure (D:5)
  2 nagas (Lair:5)
  4 steam dragons (Lair:8)
  6 wolves
  5 wargs (Orc:4)
  10 porcupines
  39 orc warriors
  An ice beast (D:7)
  3 black bears
  16 water moccasins
  A necrophage (D:9)
  A swamp drake (Lair:8)
  4 phantoms
  2 sky beasts
  5 centaurs
  7 ogres
  19 crocodiles
  21 giant frogs
  A gnoll sergeant (D:5)
  3 big kobolds
  2 wyvern skeletons
  A water moccasin skeleton (D:7)
  4 scorpions
  2 wights (D:11)
  5 killer bees
  An electric eel (D:8)
  7 jellies
  5 crimson imps
  3 gnoll shamans (D:6)
  12 orc priests
  2 centaur skeletons (D:11)
  4 centaur zombies
  A giant frog zombie (D:7)
  2 giant frog skeletons
  2 hounds
  5 worker ants
  11 iguanas
  2 quasits
  5 hell rats
  Natasha (thrice) (D:3)
  21 orc wizards
  2 sheep (Lair:8)
  A hound skeleton (D:10)
  44 river rats
  37 gnolls
  11 adders
  3 shadow imps
  5 oozes
  An adder zombie (D:8)
  6 worms
  A giant gecko (D:9)
  160 orcs
  8 hobgoblins
  28 jackals
  19 kobolds
  3 quokkas
  2 ball pythons
  11 bats
  8 giant cockroaches
  A giant gecko skeleton (D:7)
  5 giant newts
  13 goblins
  A jackal skeleton (D:6)
  2 quokka skeletons
  8 rats
  3 fungi
818 creatures vanquished.

Vanquished Creatures (collateral kills)
  A hill giant (D:10)
  2 orc knights (Orc:4)
  A warg (Orc:4)
  4 orc warriors
  3 ogres
  A giant frog (D:8)
  A jelly (D:8)
  A wight (D:11)
  2 giant frog zombies (D:10)
  2 orc wizards
  A worker ant (D:8)
  9 orcs
28 creatures vanquished.

Vanquished Creatures (others)
  3 humans (Lair:8)
  An iguana (Lair:8)
  12 fungi
  14 plants
30 creatures vanquished.

Grand Total: 876 creatures vanquished

Notes
Turn   | Place    | Note
--------------------------------------------------------------
     0 | D:1      | Glider the Vampire Enchanter began the quest for the Orb.
     0 | D:1      | Reached XP level 1. HP: 13/13 MP: 3/3
   121 | D:1      | Reached skill level 5 in Stealth
   132 | D:1      | Reached XP level 2. HP: 17/19 MP: 5/5
   178 | D:1      | Learned a level 2 spell: Ensorcelled Hibernation
   568 | D:1      | Reached XP level 3. HP: 21/24 MP: 1/6
   573 | D:1      | Learned a level 3 spell: Confuse
   739 | D:1      | Reached skill level 5 in Hexes
   980 | D:1      | Reached skill level 6 in Stealth
  1079 | D:2      | Found a stormy altar of Qazlal.
  1080 | D:2      | Noticed an earth elemental
  1081 | D:2      | Noticed a water elemental
  1081 | D:2      | Noticed a fire elemental
  1081 | D:2      | Noticed an air elemental
  1680 | D:2      | Reached skill level 1 in Ice Magic
  1680 | D:2      | Reached XP level 4. HP: 30/30 MP: 0/7
  1858 | D:2      | Found a deep blue altar of Sif Muna.
  2004 | D:3      | Noticed Sigmund
  2048 | D:3      | Killed Sigmund
  2048 | D:3      | Reached XP level 5. HP: 35/35 MP: 5/8
  2252 | D:3      | Noticed Gargoyl's ghost (amateur DsAK)
  2277 | D:3      | Killed Gargoyl's ghost
  2277 | D:3      | Reached skill level 7 in Hexes
  2277 | D:3      | Reached XP level 6. HP: 28/41 MP: 4/9
  2625 | D:3      | Noticed Natasha
  2641 | D:3      | Killed Natasha
  2859 | D:3      | Noticed Natasha
  2871 | D:3      | Killed Natasha
  3161 | D:3      | Noticed Natasha
  3168 | D:3      | Killed Natasha
  3844 | D:4      | Learned a level 3 spell: Tukima's Dance
  3945 | D:4      | Reached XP level 7. HP: 46/46 MP: 5/10
  4045 | D:4      | Reached skill level 8 in Hexes
  4083 | D:4      | Found a blossoming altar of Fedhas.
  4431 | D:5      | Entered Level 5 of the Dungeon
  4441 | D:5      | Noticed Menkaure
  4452 | D:5      | Killed Menkaure
  4574 | D:5      | Found a staircase to the Ecumenical Temple.
  4588 | Temple   | Entered the Ecumenical Temple
  4663 | Temple   | Became a worshipper of Dithmenos the Shadowed
  4843 | D:5      | Reached skill level 5 in Short Blades
  4843 | D:5      | Reached skill level 1 in Shields
  4843 | D:5      | Reached skill level 9 in Hexes
  5265 | D:6      | Noticed Glider's ghost (amateur TeSu)
  5703 | D:6      | Killed Glider's ghost
  5703 | D:6      | Reached XP level 8. HP: 47/52 MP: 6/11
  5865 | D:6      | Reached skill level 10 in Hexes
  5879 | D:6      | Reached * piety under Dithmenos
  6440 | D:6      | Got a warped ring mail
  6494 | D:6      | Reached skill level 11 in Hexes
  6505 | D:6      | Identified the +2 ring mail "Nacvium" {Str+5} (You took it off a gnoll on level 6 of the Dungeon)
  6565 | D:6      | Reached ** piety under Dithmenos
  6616 | D:6      | Reached XP level 9. HP: 44/57 MP: 4/12
  6928 | D:6      | Found an iron altar of Okawaru.
  7818 | D:7      | Noticed Joseph
  7825 | D:7      | Killed Joseph
  7825 | D:7      | Reached skill level 12 in Hexes
  7850 | D:7      | Noticed Prince Ribbit
  7877 | D:7      | Killed Prince Ribbit
  7877 | D:7      | Reached skill level 5 in Shields
  7944 | D:7      | Found Ecoacvos's Magic Scroll Emporium.
  7952 | D:7      | Bought a scroll of blinking for 97 gold pieces
  7952 | D:7      | Bought a scroll of enchant armour for 97 gold pieces
  8373 | D:7      | Reached skill level 1 in Fighting
  8846 | D:7      | Reached XP level 10. HP: 66/66 MP: 13/13
  9307 | D:8      | Found a burning altar of Makhleb.
  9309 | D:8      | Noticed a blizzard demon
  9394 | D:8      | Found a shadowy altar of Dithmenos.
  9439 | D:8      | Reached *** piety under Dithmenos
  9466 | D:8      | Found a staircase to the Lair.
  9789 | D:8      | Reached skill level 13 in Hexes
 10105 | D:8      | Found a shattered altar of Ashenzari.
 10232 | Lair:1   | Entered Level 1 of the Lair of Beasts
 10464 | D:9      | Reached skill level 10 in Stealth
 10518 | D:9      | Reached **** piety under Dithmenos
 10709 | D:9      | Found a bloodstained altar of Trog.
 11202 | D:10     | Entered Level 10 of the Dungeon
 11240 | D:10     | Noticed a hill giant
 11242 | D:10     | Killed a hill giant
 11248 | D:10     | Reached skill level 1 in Armour
 11316 | D:10     | Found a staircase to the Orcish Mines.
 11318 | D:10     | Found Neotag's Weapon Boutique.
 11371 | D:10     | Noticed a hill giant
 11413 | D:10     | Killed a hill giant
 11485 | D:10     | Noticed a hill giant
 11492 | D:10     | Killed a hill giant
 11492 | D:10     | Reached skill level 5 in Dodging
 11492 | D:10     | Reached XP level 11. HP: 75/75 MP: 14/14
 11826 | D:10     | Found Kizuhui's Gadget Shop.
 11934 | D:10     | Noticed a hill giant
 11943 | D:10     | Killed a hill giant
 12090 | D:10     | Reached skill level 14 in Hexes
 12537 | D:11     | Found a shadowy altar of Dithmenos.
 13170 | D:12     | Got a pitted long sword
 13171 | D:12     | Identified the +4 long sword "Taotowa" {slice, rElec Str+4} (You found it on level 12 of the Dungeon)
 13179 | D:12     | Noticed Frances
 13196 | D:12     | Noticed Rupert
 13897 | Lair:1   | Reached skill level 15 in Hexes
 14184 | Lair:2   | Reached skill level 1 in Evocations
 14209 | Lair:2   | Reached skill level 5 in Fighting
 14209 | Lair:2   | Reached skill level 1 in Invocations
 14390 | Lair:2   | Reached skill level 10 in Short Blades
 14398 | Lair:2   | Reached XP level 12. HP: 86/86 MP: 15/15
 15618 | Lair:2   | Reached ***** piety under Dithmenos
 15664 | Lair:2   | Reached skill level 5 in Spellcasting
 15884 | Lair:3   | Found a labyrinth entrance.
 15924 | Lab      | Entered a labyrinth
 16534 | Lab      | Noticed a minotaur
 16537 | Lab      | Killed a minotaur
 16539 | Lab      | Identified Lionwet's Almanac of Fiery Confrontation
 16539 | Lab      | Got a fine copper ring
 16540 | Lab      | Got a jewelled rapier
 16543 | Lab      | Identified the +3 rapier of Hospitality {vamp, rElec MR+} (You found it in a labyrinth)
 16568 | Lab      | Identified the ring "Laum" {+Blink rN+ Int+6} (You found it in a labyrinth)
 17204 | Lair:3   | Noticed Urug
 17206 | Lair:3   | Reached skill level 16 in Hexes
 17209 | Lair:3   | Killed Urug
 17626 | Lair:4   | Reached XP level 13. HP: 93/93 MP: 20/20
 17727 | Lair:4   | Reached skill level 5 in Armour
 18672 | Lair:5   | Found a staircase to the Snake Pit.
 19546 | Lair:6   | Found a staircase to the Shoals.
 19894 | Lair:6   | Found a staircase to the Slime Pits.
 19894 | Lair:6   | Found a viscous altar of Jiyva.
 21564 | Lair:8   | Entered Level 8 of the Lair of Beasts
 21727 | Lair:8   | Reached ****** piety under Dithmenos
 21727 | Lair:8   | Reached skill level 17 in Hexes
 21772 | Lair:8   | Reached XP level 14. HP: 72/103 MP: 5/23
 22121 | Lair:8   | Noticed Kirke
 22127 | Lair:8   | Killed Kirke
 22456 | Lair:8   | Reached skill level 18 in Hexes
 22456 | Lair:8   | Reached XP level 15. HP: 108/108 MP: 24/24
 22604 | Lair:8   | Identified 2 scrolls of acquirement
 22759 | Lair:8   | Learned a level 3 spell: Ozocubu's Armour
 23211 | Lair:8   | Reached skill level 1 in Charms
 23794 | Orc:1    | Entered Level 1 of the Orcish Mines
 24074 | Orc:1    | Reached skill level 19 in Hexes
 24228 | Orc:1    | Found a roughly hewn altar of Beogh.
 24912 | Orc:1    | Found Cutaoruc's Food Emporium.
 25099 | Orc:2    | Found a roughly hewn altar of Beogh.
 25100 | Orc:2    | Noticed Snorg
 25107 | Orc:2    | Killed Snorg
 25852 | Orc:3    | Found a staircase to the Elven Halls.
 26120 | Orc:3    | Reached skill level 5 in Ice Magic
 26405 | Orc:3    | Found a radiant altar of Vehumet.
 26579 | Orc:4    | Entered Level 4 of the Orcish Mines
 27387 | Orc:4    | Found Zyadear's Jewellery Shoppe.
 27388 | Orc:4    | Found Milunarr's Antique Weapon Shop.
 27525 | Orc:4    | Found a roughly hewn altar of Beogh.
 27551 | Orc:4    | Found Neuxoegh's Assorted Antiques.
 27589 | Orc:4    | Found Qiyckess's General Store.
 27681 | Orc:4    | Bought a jewelled great sword for 310 gold pieces
 27686 | Orc:4    | Identified the +7 great sword of Ashenzari's Generosity {slice, *Rage rPois rC- Int+4} (You bought it in a shop on level 4 of the Orcish Mines)
 27698 | Orc:4    | Bought the amulet "Akeovetz" {rMut +Blink Str+8 SInv} for 900 gold pieces
 27785 | Orc:4    | Hit by a large rock thrown by a stone giant

Action                   |  1- 3 |  4- 6 |  7- 9 | 10-12 | 13-15 || total
-------------------------+-------+-------+-------+-------+-------++-------
Melee: Dagger            |   105 |   111 |   603 |   484 |       ||  1303
       Long sword        |       |       |       |    17 |       ||    17
       Rapier            |       |       |       |    51 |   997 ||  1048
       Staff             |       |       |       |       |     1 ||     1
 Cast: Corona            |     4 |       |       |       |       ||     4
       Ensorcelled Hiber |    18 |    20 |    26 |   100 |   194 ||   358
       Confuse           |       |    10 |    80 |   109 |   103 ||   302
       Tukima's Dance    |       |       |     4 |     9 |    12 ||    25
       Ozocubu's Armour  |       |       |       |       |     1 ||     1
Invok: Shadow Step       |       |       |       |     1 |       ||     1
 Abil: End Transformatio |       |       |     1 |       |     2 ||     3
       Bat Form          |       |       |     1 |       |     2 ||     3
       Evoke Teleportati |       |       |       |     2 |       ||     2
  Use: Scroll            |       |     5 |     3 |    14 |    14 ||    36
       Potion            |       |     2 |     5 |     3 |     1 ||    11
 Stab: Sleeping          |    23 |    23 |    27 |   116 |   230 ||   419
       Confused          |       |    10 |    44 |    65 |    75 ||   194
       Distracted        |       |       |     1 |     2 |     5 ||     8
